 Dungeon Crawl Stone Soup version 0.24-a0-278-gefa1973 (console) character file.

Game seed: 2723329381401798620

12425 Voker57 the Fighter (level 11, 0/94 (95) HPs)
             Began as a Demonspawn Monk on Apr 29, 2019.
             Was a High Priest of Okawaru.
             Slain by an eight-headed hydra (8 damage)
             ... on level 3 of the Lair of Beasts.
             The game lasted 00:20:02 (13343 turns).

Voker57 the Fighter (Demonspawn Monk)              Turns: 13343, Time: 00:20:03

HP:   0/94 (95)     AC:  9    Str: 12    XL:     11   Next: 62%
MP:   19/19         EV: 27    Int: 11    God:    Okawaru [*****.]
Gold: 636           SH:  0    Dex: 21    Spells: 10/10 levels left

rFire    + + +     SeeInvis .   S - +0 flail
rCold    + + .     Gourm    .   (no shield)
rNeg     + + .     Faith    .   u - +2 robe {rC+ rF+}
rPois    .         Spirit   .   (no helmet)
rElec    .         Reflect  .   U - scarf {rC+ rF+}
rCorr    +         Harm     .   (no gloves)
MR       .....                  L - +1 pair of boots of the Realm of Zot {+Inv rF+ Dex+2}
Stlth    ++++......             E - amulet of rage
HPRegen  0.25/turn              d - ring of positive energy
MPRegen  0.16/turn              D - ring "Wipapecu" {rCorr rN+}

@: heroism
A: thin metallic scales 2, demonic guardian 2, powered by pain 3
a: Heroism, Finesse, Renounce Religion, Evoke Berserk Rage, Evoke Invisibility


You were on level 3 of the Lair of Beasts.
You worshipped Okawaru.
Okawaru was extremely pleased with you.
You were not hungry.

You visited 2 branches of the dungeon, and saw 14 of its levels.

You collected 636 gold pieces.

Inventory:

Hand Weapons
 a - a +0 great sword
 b - a +3 dagger of venom
 K - a +0 falchion
 O - a +0 blowgun
 S - a +0 flail (weapon)
Missiles
 N - 7 curare-tipped needles
Armour
 i - a +0 robe
 p - a +1 cloak
 u - a +2 robe of resistance (worn)
 L - the +1 pair of boots of the Realm of Zot (worn) {+Inv rF+ Dex+2}
   (Okawaru gifted it to you on level 8 of the Dungeon)

   It affects your dexterity (+2).
   It protects you from fire.
   It lets you turn invisible.
 U - a scarf of resistance (worn)
Jewellery
 d - a ring of positive energy (left hand)
 q - an uncursed ring of see invisible
 r - an uncursed ring of resist corrosion
 w - an uncursed ring of resist corrosion
 x - an uncursed ring of wizardry {unknown}
 D - the ring "Wipapecu" (right hand) {rCorr rN+}
   (You found it on level 4 of the Dungeon)

   [ring of resist corrosion]

   It protects you from negative energy.
 E - an amulet of rage (around neck)
 I - the amulet "Bitifea" {Faith -Tele rC+ Int+4}
   (You took it off an orc on level 6 of the Dungeon)

   [amulet of faith]

   It allows you to gain divine favour quickly.
   It affects your intelligence (+4).
   It protects you from cold.
   It prevents most forms of teleportation.
 P - an uncursed ring of ice {unknown}
 V - an uncursed ring of protection from fire {unknown}
Wands
 m - a wand of polymorph (18)
 y - a wand of flame (19)
 H - a wand of disintegration (25)
 Q - a wand of iceblast (10)
 X - a wand of random effects (15)
Scrolls
 h - 3 scrolls of teleportation
 k - 3 scrolls of blinking
 l - 14 scrolls of identify
 n - 7 scrolls of enchant weapon
 s - 5 scrolls of remove curse
 t - a scroll of immolation
 v - a scroll of amnesia
 R - a scroll of enchant armour
 T - a scroll of magic mapping {unknown}
Potions
 e - 4 potions of flight {unknown}
 f - 2 potions of curing {unknown}
 g - 3 potions of magic {unknown}
 j - 3 potions of heal wounds
 o - 3 potions of degeneration {unknown}
 z - 3 potions of brilliance {unknown}
 A - a potion of invisibility {unknown}
 B - 2 potions of berserk rage {unknown}
 C - a potion of mutation {unknown}
 F - a potion of might {unknown}
 G - a potion of agility
 J - 2 potions of haste {unknown}
 M - a potion of cancellation {unknown}
Comestibles
 c - 23 rations


   Skills:
 + Level 11.7(16.7) Fighting
 - Level 2.6(7.6) Long Blades
 + Level 10.8(15.8) Dodging
 - Level 1.7(6.7) Stealth
 - Level 11.6 Invocations
 + Level 1.9 Evocations


You had 10 spell levels left.
You didn't know any spells.
Your spell library contained the following spells:

 Spells                   Type           Power        Failure   Level  Hunger
 Animate Skeleton         Necr           N/A          34%         1    ##.....
 Apportation              Tloc           #.....       34%         1    ##.....
 Confusing Touch          Hex            #.....       34%         1    ##.....
 Freeze                   Ice            #...         34%         1    ##.....
 Summon Small Mammal      Summ           #...         34%         1    ##.....
 Throw Frost              Conj/Ice       #.....       47%         2    ###....
 Ozocubu's Armour         Chrm/Ice       #.......     71%         3    ####...
 Summon Ice Beast         Ice/Summ       #.......     98%         4    #####..
 Throw Icicle             Conj/Ice       #.......     98%         4    #####..


Dungeon Overview and Level Annotations

Branches:
Dungeon (9/15)             Temple (0/1) D:6            Lair (5/6) D:9
  Swamp: Lair:2-4    Shoals: Lair:2-4     Snake: Lair:2-4    Spider: Lair:2-4
  Slime: Lair:5-6       Orc: D:9-12

Altars:
Dithmenos
Elyvilon
Fedhas
Gozag
Hepliaklqana
Makhleb
Nemelex Xobeh
Okawaru
Sif Muna
Trog
Uskayaw
Wu Jian
Xom
Yredelemnul
The Shining One

Shops:
D:9 ?

Annotations:
D:5 2 transporters, Ratty's ghost, amateur DENe


Innate Abilities, Weirdness & Mutations

You are mostly covered in thin metallic scales. (AC +3)
A demonic guardian rushes to your aid.
You are powered by pain.


Message History

You hit the eight-headed hydra.
The eight-headed hydra is heavily wounded.
The eight-headed hydra barely misses you.
The eight-headed hydra misses you. The eight-headed hydra bites you!
The eight-headed hydra completely misses you.
The eight-headed hydra bites you! x2; The eight-headed hydra misses you.
The eight-headed hydra bites you but does no damage.
Your orange demon stings the eight-headed hydra from afar.
You hit the eight-headed hydra.
The eight-headed hydra is severely wounded.
The eight-headed hydra bites you but does no damage.
The eight-headed hydra bites you.
* * * LOW HITPOINT WARNING * * *
The eight-headed hydra misses you. The eight-headed hydra bites you!
* * * LOW HITPOINT WARNING * * *
The eight-headed hydra bites you but does no damage.
The eight-headed hydra bites you!
* * * LOW HITPOINT WARNING * * *
The eight-headed hydra bites you!
You die...

.#.#.##.♣.##
.....#.....♣
♣......>.♣#
......#.....#
.##...#..♣..##
.... ###÷÷#.#
..+##
###....###### .
...#..÷..)......
................
..#.#...@34......
.......D........
....#............
.......$.........
..##............
. ........<....
.............
..............


You could see an eight-headed hydra, a friendly soul eater and a friendly orange
demon.

Vanquished Creatures
  A hydra (Lair:1)
  A black mamba (Lair:2)
  A spiny frog (Lair:3)
  A komodo dragon (Lair:1)
  6 yaks
  2 wyverns
  A hungry ghost (D:9)
  4 porcupines
  4 water moccasins (Lair:4)
  2 orc warriors (D:7)
  A sky beast (D:9)
  3 ice beasts
  A phantom (D:8)
  2 necrophages
  A black bear (D:8)
  2 centaurs (D:8)
  4 ogres
  3 wolves (Lair:3)
  7 crocodiles
  3 big kobolds
  8 bullfrogs
  A water moccasin zombie (D:8)
  Dowan (D:7)
  3 electric eels (Lair:4)
  6 wights
  2 howler monkeys (D:9)
  2 crimson imps
  A quasit (D:7)
  4 orc priests
  A bullfrog skeleton (D:9)
  6 hounds
  4 jellies
  Crazy Yiuf (D:2)
  A centaur skeleton (D:7)
  Jessica (D:2)
  6 orc wizards
  9 worker ants
  4 hound skeletons
  A howler monkey zombie (D:5)
  Robin (D:2)
  11 adders
  5 gnolls
  2 shadow imps
  An ooze (D:2)
  An adder skeleton (D:7)
  4 worms
  8 dart slugs
  3 leopard geckos
  21 orcs
  4 ball pythons
  6 giant cockroaches
  18 goblins
  7 hobgoblins
  6 jackals
  6 quokkas
  6 bats
  7 frilled lizards
  25 kobolds
  14 rats
268 creatures vanquished.

Vanquished Creatures (collateral kills)
  Harold (D:7)
  A two-headed ogre (D:9)
  Pikel (D:7)
  4 spiny frogs
  A komodo dragon (Lair:1)
  A rime drake (Lair:1)
  3 hippogriffs
  13 yaks
  2 basilisks
  Sigmund (D:3)
  Duvessa (D:7)
  2 porcupines
  A sky beast (D:7)
  3 slaves (D:7)
  2 ogres (D:4)
  2 wolves (Lair:3)
  A centaur (D:8)
  4 bullfrogs
  2 scorpions
  2 wights (D:8)
  A crimson imp (D:5)
  An orc wizard (D:4)
  A bullfrog skeleton (D:6)
  2 iguanas
  A worker ant (D:8)
  A worker ant zombie (D:5)
  An adder (D:5)
  A gnoll (D:4)
  A dart slug (D:5)
  11 orcs
  A hobgoblin (D:3)
  A quokka (D:7)
  A quokka skeleton (D:8)
72 creatures vanquished.

Vanquished Creatures (others)
  A howler monkey zombie (D:7)
  A quokka (D:4)
  A fungus (Lair:3)
3 creatures vanquished.

Grand Total: 343 creatures vanquished

Notes
Turn   | Place    | Note
-------+----------+-------------------------------------------
     0 | D:1      | Voker57 the Demonspawn Monk began the quest for the Orb.
     0 | D:1      | Reached XP level 1. HP: 18/18 MP: 1/1
   238 | D:1      | Gained mutation: A weak demonic guardian rushes to your
                  | aid. [demonic ancestry]
   238 | D:1      | Reached XP level 2. HP: 17/24 MP: 2/2
  1471 | D:3      | Gained mutation: You sometimes gain a little power by
                  | taking damage. [demonic ancestry]
  1471 | D:3      | Reached XP level 3. HP: 29/29 MP: 3/3
  1547 | D:2      | Found a blossoming altar of Fedhas.
  1548 | D:2      | Noticed Robin
  1575 | D:2      | Killed Robin
  1745 | D:2      | Noticed Jessica
  1786 | D:2      | Gained mutation: A demonic guardian rushes to your aid.
                  | [demonic ancestry]
  1786 | D:2      | Reached XP level 4. HP: 37/37 MP: 4/4
  1996 | D:2      | Found a runed translucent door.
  1997 | D:2      | Noticed Crazy Yiuf
  2286 | D:2      | Found a hazy altar of Hepliaklqana.
  2389 | D:2      | Killed Jessica
  2389 | D:2      | Gained mutation: You sometimes gain power by taking damage.
                  | [demonic ancestry]
  2389 | D:2      | Reached XP level 5. HP: 43/43 MP: 5/5
  2810 | D:2      | Killed Crazy Yiuf
  3142 | D:3      | Reached skill level 5 in Fighting
  3252 | D:3      | Found an iron altar of Okawaru.
  3291 | D:3      | Became a worshipper of Warmaster Okawaru
  3291 | D:3      | Reached * piety under Okawaru
  3291 | D:3      | Reached ** piety under Okawaru
  3494 | D:3      | Noticed Sigmund
  3502 | D:3      | Reached XP level 6. HP: 27/51 MP: 6/6
  3507 | D:3      | Reached skill level 1 in Invocations
  3766 | D:3      | Killed Sigmund
  4163 | D:4      | Reached skill level 5 in Dodging
  4199 | D:4      | Found an opulent altar of Gozag.
  4254 | D:4      | Found a sparkling altar of Nemelex Xobeh.
  4328 | D:4      | Found a deep blue altar of Sif Muna.
  4346 | D:4      | Reached XP level 7. HP: 32/57 MP: 9/9
  4746 | D:4      | Found a white marble altar of Elyvilon.
  4767 | D:4      | Reached *** piety under Okawaru
  5330 | D:4      | Got a wavering golden ring
  5470 | D:4      | Identified the ring "Wipapecu" {rCorr rN+} (You found it on
                  | level 4 of the Dungeon)
  5492 | D:5      | Entered Level 5 of the Dungeon
  5532 | D:5      | Noticed Ratty's ghost (amateur DENe)
  5533 | D:5      | Found a transporter.
  5896 | D:5      | Reached skill level 5 in Invocations
  5910 | D:5      | Found an ornate altar of the Wu Jian Council.
  5970 | D:5      | Found a transporter.
  6080 | D:5      | Gained mutation: You are powered by pain. [demonic
                  | ancestry]
  6080 | D:5      | Reached XP level 8. HP: 41/65 MP: 11/11
  6238 | D:6      | Identified the amulet "Bitifea" {Faith -Tele rC+ Int+4}
  6491 | D:6      | Noticed a hippogriff
  6503 | D:6      | Killed a hippogriff
  6712 | D:6      | Reached **** piety under Okawaru
  6827 | D:6      | Found a glowing golden altar of the Shining One.
  6861 | D:6      | Found a shimmering altar of Xom.
  6983 | D:6      | Found a burning altar of Makhleb.
  7197 | D:6      | Found a staircase to the Ecumenical Temple.
  7261 | D:7      | Noticed Harold
  7263 | D:7      | Noticed Pikel
  7274 | D:7      | Noticed Duvessa
  7276 | D:7      | Noticed Dowan
  7512 | D:7      | Killed Harold
  7512 | D:7      | Reached ***** piety under Okawaru
  7512 | D:7      | Reached XP level 9. HP: 29/73 MP: 13/15
  7521 | D:7      | Killed Dowan
  7531 | D:7      | Killed Duvessa
  7532 | D:7      | Killed Pikel
  7650 | D:7      | Found a hide-covered altar of Uskayaw.
  8408 | D:7      | Noticed a moth of wrath
  8411 | D:7      | Found a bloodstained altar of Trog.
  8703 | D:8      | Received a gift from Okawaru
  8706 | D:8      | Got a pair of dazzling boots {god gift}
  8712 | D:8      | Identified the +1 pair of boots of the Realm of Zot {+Inv
                  | rF+ Dex+2} (Okawaru gifted it to you on level 8 of the
                  | Dungeon)
  8890 | D:8      | Gained mutation: You are partially covered in thin metallic
                  | scales. (AC +2) [demonic ancestry]
  8890 | D:8      | Reached XP level 10. HP: 76/82 MP: 17/17
  8942 | D:8      | Reached skill level 10 in Invocations
  9206 | D:8      | Found a shadowy altar of Dithmenos.
  9773 | D:9      | Found a staircase to the Lair.
  9777 | D:9      | Noticed a two-headed ogre
  9785 | D:9      | Killed a two-headed ogre
  9944 | D:9      | Found a basalt altar of Yredelemnul.
  9976 | D:9      | Found Vaej's Magic Scroll Shoppe.
 10049 | D:9      | Reached skill level 10 in Fighting
 10210 | Lair:1   | Entered Level 1 of the Lair of Beasts
 10254 | Lair:1   | Noticed a spiny frog
 10259 | Lair:1   | Killed a spiny frog
 10351 | Lair:1   | Noticed an eight-headed hydra
 10541 | Lair:1   | Noticed a spiny frog
 10548 | Lair:1   | Killed a spiny frog
 10575 | Lair:1   | Killed an eight-headed hydra
 10575 | Lair:1   | Reached ****** piety under Okawaru
 10854 | Lair:1   | Received a gift from Okawaru
 10871 | Lair:1   | Gained mutation: You are mostly covered in thin metallic
                  | scales. (AC +3) [demonic ancestry]
 10871 | Lair:1   | Reached XP level 11. HP: 67/91 MP: 19/19
 11042 | Lair:1   | Reached skill level 10 in Dodging
 11520 | Lair:2   | You fall through a shaft for 2 floors!
 13015 | Lair:5   | Reached skill level 1 in Evocations
 13111 | Lair:3   | Noticed an eight-headed hydra
 13343 | Lair:3   | Slain by an eight-headed hydra

Levels and vault maps discovered:
D:1:      erik_arrival_blinker_ship, layout_loops_ring
D:2:      layout_basic, lemuel_round_altar, old_standard_altar, serial_glass,
          glass_columns_b, glass_columns_a, first_ration, uniq_robin,
          uniq_jessica, uniq_crazy_yiuf_cottage
D:3:      wander_river, layout_rooms, okawaru_trees_1, uniq_sigmund
D:4:      layout_basic, tgw_sif, elyvilon_altar_4,
          nemelex_xobeh_ov_fountains_minmay, grunt_gozag_breadcrumbs
D:5:      kennysheep_slugbush, layout_rooms, old_standard_altar,
          gammafunk_ghost_arena
D:6:      layout_rooms, makhleb_blood_cavern_becter, kennysheep_little_box,
          temple_hall, moated_statue, tso_altar
D:7:      layout_loops_ring, eat_drink_and_be_merry_uskayaw, tgw_trog,
          uniq_duvessa, uniq_pikel, uniq_harold
D:8:      layout_basic, nicolae_overflow_crystal_walls
D:9:      layout_roguey, yredelemnul_altar_generic, lair_entry_dummy,
          serial_shops, shop, serial_curves, eino_curves_02, eino_curves_03,
          eino_curves_02
Lair:1:   layout_regular_city
Lair:2:   layout_loops_ring, minmay_snake_entry_spellcaster, st_stairs_9,
          zaba_antful_of_joy, minmay_lair_oklob_chamber
Lair:3:   layout_long_grid, nicolae_swamp_entry_splash_gauntlet,
          grunt_megastairs_1, uniq_rupert
Lair:4:   layout_cave_pods, serial_bayou_shore_a, grunt_megastairs_2
Lair:5:   layout_roguey, beast_lair_carwin_7, uniq_urug

Skill      XL: |  1  2  3  4  5  6  7  8  9 10 11 |
---------------+----------------------------------+-----
Dodging        | 3 4 5 6 7 8 9 10 | 10.8
Fighting       | 4 5 6 8 9 10 11 | 11.7
Invocations    | 3 5 8 9 11 | 11.6
Evocations     | 1 |  1.9
Long Blades    | |  2.6
Stealth        | |  1.7

Action                   |  1- 3 |  4- 6 |  7- 9 | 10-12 || total
-------------------------+-------+-------+-------+-------++-------
Melee: Falchion          |    64 |       |     2 |       ||    66
       Dagger            |    53 |   141 |   376 |     1 ||   571
       Punch             |       |       |     1 |       ||     1
       Great sword       |       |       |    88 |   282 ||   370
       Flail             |       |       |       |     6 ||     6
Invok: Heroism           |       |       |     5 |     5 ||    10
 Abil: Evoke Invisibilit |       |       |       |     1 ||     1
Evoke: Wand              |       |       |       |     2 ||     2
  Use: Scroll            |       |     5 |     9 |     1 ||    15
 Stab: Sleeping          |     7 |     4 |     6 |    12 ||    29
       Distracted        |       |       |     1 |     3 ||     4
       Invisible         |       |       |       |     1 ||     1
  Eat: Chunk             |     3 |     8 |    15 |    19 ||    45
Armor: Robe              |    19 |    19 |    72 |    67 ||   177
Dodge: Dodged            |    79 |   110 |   458 |   442 ||  1089
       Rpst.: Falchion   |    12 |       |       |       ||    12
       Great sword       |       |       |    44 |   137 ||   181

Table legend:
 A = Non-vault XP
 B = Vault XP
 C = Vault XP percentage of total XP
 D = Non-vault monster count
 E = Vault monster count
 F = Vault count percentage of total count
                 A         B        C        D         E       F
            +---------+---------+-------+---------+---------+-------
      Total |   15419 |    2332 |  13.1 |     297 |      40 |  11.9
            +---------+---------+-------+---------+---------+-------
        D:1 |      39 |       0 |   0.0 |      26 |       0 |   0.0
        D:2 |      93 |     114 |  55.1 |      16 |      14 |  46.7
        D:3 |     166 |     104 |  38.5 |      37 |       1 |   2.6
        D:4 |     532 |      21 |   3.8 |      23 |       1 |   4.2
        D:5 |     349 |      26 |   6.9 |      17 |       7 |  29.2
        D:6 |    1136 |     143 |  11.2 |      31 |       2 |   6.1
        D:7 |    1002 |    1269 |  55.9 |      29 |       9 |  23.7
        D:8 |    1467 |       0 |   0.0 |      32 |       0 |   0.0
        D:9 |    2503 |       0 |   0.0 |      33 |       0 |   0.0
     Lair:1 |    3567 |       0 |   0.0 |      19 |       0 |   0.0
     Lair:2 |     654 |     207 |  24.0 |       3 |       2 |  40.0
     Lair:3 |     793 |     196 |  19.8 |       7 |       1 |  12.5
     Lair:4 |    2767 |     252 |   8.3 |      23 |       3 |  11.5
     Lair:5 |     351 |       0 |   0.0 |       1 |       0 |   0.0
            +---------+---------+-------+---------+---------+-------
